 Dungeon Crawl Stone Soup version 0.27.0-1-g7a089689b8 (webtiles) character file.

Game seed: 13516524643864693509

44 sanka the Caller (level 3, 0/26 HPs)
             Began as a Demigod Summoner on Aug 1, 2021.
             Slain by a crimson imp (1 damage)
             ... summoned by Natasha
             ... on level 2 of the Dungeon.
             The game lasted 00:02:22 (2378 turns).

sanka the Caller (Demigod Summoner)                 Turns: 2378, Time: 00:02:23

Health: 0/26       AC:  2    Str:  9    XL:     3   Next: 23%
Magic:  2/8        EV: 12    Int: 21    God:
Gold:   9          SH:  0    Dex: 14    Spells: 3/6 levels left

rFire    . . .     SeeInvis .   c - +0 mace
rCold    . . .     Faith    .   (no shield)
rNeg     . . .     Spirit   .   a - +0 robe
rPois    .         Reflect  .   (no helmet)
rElec    .         Harm     .   (no cloak)
rCorr    .         Rampage  .   (no gloves)
Will     .....                  (no boots)
Stlth    ++........             (no amulet)
HPRegen  0.08/turn              (no ring)
MPRegen  0.11/turn              (no ring)

@: no status effects
A: high mp 1, forlorn
a: no special abilities


You were on level 2 of the Dungeon.
You visited 1 branch of the dungeon, and saw 2 of its levels.

You collected 9 gold pieces.


Innate Abilities, Weirdness & Mutations

Your attributes grow dramatically as you level up.
You have an increased reservoir of magic. (+10% MP)
You shall have no god before yourself.


   Skills:
 - Level 1.7 Dodging
 - Level 1.7 Stealth
 - Level 2.0 Spellcasting
 + Level 4.7 Summonings


You had 3 spell levels left.
You knew the following spells:

 Your Spells              Type           Power      Damage    Failure   Level
x - Call Imp              Summ           21%        N/A       3%          2
z - Summon Small Mammal   Summ           84%        N/A       2%          1

Your spell library contained the following spells:

 Spells                   Type           Power      Damage    Failure   Level
 Call Canine Familiar     Summ           21%        N/A       6%          3
 Summon Guardian Golem    Hex/Summ       11%        N/A       17%         3
 Summon Lightning Spire   Summ/Air       11%        N/A       50%         4

Inventory:

Hand Weapons
 c - a +0 mace (weapon)
Armour
 a - a +0 robe (worn)
Scrolls
 b - a scroll of noise {unknown}
 d - a scroll of magic mapping {unknown}
 e - a scroll of enchant armour {unknown}
Potions
 f - a potion of curing {unknown}

Dungeon Overview and Level Annotations

Branches:
Dungeon (2/15)

Annotations:
D:2 Natasha

▒▒....▒.▒
▒....▒.▒ .▒▒▒
▒......▒▒▒....
▒...▒▒.....▒▒
▒.............
▒▒.▒.▒>....▒▒▒
▒▒▒...▒......▒
▒.....▒........
▒.▒▒S5p[....▒..
▒...5h5.....▒..
▒▒▒5.▒▒▒'▒▒▒▒
▒.5....▒
▒.▒▒▒..▒ .. .▒
... .. .... ▒.
.....


You could see an iron imp (summoned, ally target), Natasha (ally target), a
crimson imp (summoned), a ball python (ally target), a friendly iron imp
(summoned), a friendly crimson imp (summoned) and a friendly white imp
(summoned).


Message History

A metallic apparition takes form in the air.
Natasha casts a spell.
A beastly little devil appears in a puff of flame.
Natasha closely misses you.
A beastly little devil appears in a puff of frigid air.
Something hits your crimson imp. The iron imp hits you!
* * * LOW HITPOINT WARNING * * *
Natasha mumbles some strange words.
Your crimson imp hits Natasha but does no damage.
You hit the crimson imp.
The crimson imp is heavily wounded.
The ball python bites you.
* * * LOW HITPOINT WARNING * * *
The ball python closely misses you. Natasha closely misses you.
The iron imp completely misses you.
Your iron imp hits the iron imp.
The crimson imp hits you.
* * * LOW HITPOINT WARNING * * *
Your crimson imp hits Natasha.
The ball python bites you but does no damage.
The ball python barely misses you.
Unknown command.
The iron imp hits your white imp.
Your white imp hits the iron imp.
Your white imp freezes the iron imp.
The iron imp resists.
The crimson imp hits you.
You die...

Action                   || total
-------------------------++-------
Melee: Mace              ||    57
 Cast: Summon Small Mamm ||    45
       Call Imp          ||     7
 Stab: Sleeping          ||     2
Armor: Robe              ||    15
Dodge: Dodged            ||    62

Levels and vault maps discovered:
D:1:      dpeg_arrival_water_temple_mockup, layout_basic,
          hellmonk_ecumenical_altar_defaced_shrine, minmay_misc_feat_chi,
          serial_bayou_pond_a, chequers_big_river, patterned_corridor
D:2:      layout_basic, st_stairs_10, uniq_natasha

Notes
Turn   | Place    | Note
-------+----------+-------------------------------------------
     0 | D:1      | sanka the Demigod Summoner began the quest for the Orb.
     0 | D:1      | Reached XP level 1. HP: 14/14 MP: 5/5
   480 | D:1      | Reached skill level 2 in Spellcasting
   686 | D:1      | Reached skill level 4 in Summonings
   686 | D:1      | Reached XP level 2. HP: 20/20 MP: 2/7
   961 | D:1      | Learned a level 2 spell: Call Imp
  2046 | D:2      | Noticed Natasha
  2053 | D:2      | Killed Natasha
  2054 | D:2      | Reached XP level 3. HP: 7/26 MP: 1/8
  2370 | D:2      | Noticed Natasha
  2377 | D:2      | HP: 1/26 [crimson imp[Natasha] (3)]
  2378 | D:2      | Slain by a crimson imp

Vanquished Creatures
  A dart slug (D:1)
  2 bats (D:1)
  2 endoplasms (D:1)
  A giant cockroach (D:1)
  A goblin (D:1)
  3 hobgoblins
  A quokka (D:2)
  2 kobolds (D:1)
  2 rats (D:1)
15 creatures vanquished.

Vanquished Creatures (collateral kills)
  Natasha (D:2)
  A dart slug (D:1)
  2 endoplasms (D:1)
  2 giant cockroaches (D:1)
  2 goblins (D:1)
  4 hobgoblins (D:1)
  6 ball pythons (D:1)
  A frilled lizard (D:1)
  3 rats (D:1)
22 creatures vanquished.

Vanquished Creatures (others)
  2 plants (D:1)
2 creatures vanquished.

Grand Total: 39 creatures vanquished
